 Dungeon Crawl Stone Soup version 0.29.0-4-gdea44cf6ec (webtiles) character file.

Game seed: 18230453788652834462

65 qw the Chopper (level 4, -12/26 HPs)
             Began as a Tengu Warper on Aug 28, 2022.
             Mangled by a gnoll
             ... wielding a +0 halberd
              (15 damage)
             ... on level 3 of the Dungeon.
             The game lasted 00:00:12 (2245 turns).

qw the Chopper (Tengu Warper)                       Turns: 2245, Time: 00:00:12

Health: -12/26     AC:  3    Str: 13    XL:     4   Next: 13%
Magic:  8/8        EV: 12    Int: 14    God:
Gold:   95         SH:  0    Dex: 13    Spells: 7/7 levels left

rFire   . . .      SeeInvis .   Y - +2 hand axe
rCold   . . .      Faith    .   (no shield)
rNeg    . . .      Spirit   .   b - +0 leather armour
rPois   .          Reflect  .   (helmet restricted)
rElec   .          Harm     .   (no cloak)
rCorr   .          Rampage  .   (no gloves)
Will    .....                   (boots unavailable)
Stlth   +.........              (no amulet)
HPRegen 0.08/turn               (no ring)
MPRegen 0.11/turn               (no ring)

@: no status effects
A: beak, talons 3
a: no special abilities


You were on level 3 of the Dungeon.
You visited 1 branch of the dungeon, and saw 3 of its levels.

You collected 95 gold pieces.


Innate Abilities, Weirdness & Mutations

You have a beak for a mouth.
You have claws for feet.


   Skills:
 - Level 2.0 Fighting
 + Level 4.7 Axes
 - Level 1.0 Throwing
 - Level 1.1 Armour
 - Level 2.1 Dodging
 - Level 2.0 Spellcasting
 - Level 2.4 Translocations


You had 7 spell levels left.
You didn't know any spells.
Your spell library contained the following spells:

 Spells                   Type           Power      Damage    Failure   Level
 Blink                    Tloc           16%        N/A       17%         2
 Gell's Gravitas          Tloc           8%         N/A       34%         3
 Lesser Beckoning         Tloc           8%         N/A       34%         3
 Teleport Other           Tloc           8%         N/A       34%         3
 Manifold Assault         Tloc           8%         N/A       97%         5

Inventory:

Hand Weapons
 d - a +0 club
 Y - a +2 hand axe (weapon)
Missiles
 c - a boomerang (quivered)
Armour
 b - a +0 leather armour (worn)
 f - a +0 tower shield
 g - a +0 ring mail
 h - a +0 scale mail
Scrolls
 e - a scroll of teleportation
Potions
 a - a potion of haste {unknown}
 j - a potion of berserk rage {unknown}
 k - a potion of flight {unknown}
 l - 2 potions of mutation {unknown}
 m - a potion of curing
 q - a potion of might {unknown}

Dungeon Overview and Level Annotations

Branches:
Dungeon (3/15)

Altars:


Message History

Throw: boomerang
Press: ? - help, Q - select action Shift-Dir - straight line, f - goblin You throw a boomerang.
The boomerang closely misses the goblin.
Throw: boomerang
Press: ? - help, Q - select action Shift-Dir - straight line, f/p - goblin You throw a boomerang.
The boomerang hits the goblin.
The goblin is moderately wounded.
Throw: boomerang
Press: ? - help, Q - select action Shift-Dir - straight line, f/p - goblin You throw a boomerang.
The boomerang hits the goblin.
You kill the goblin!
You now have 95 gold pieces (gained 4).
Found a stone staircase leading down.
Enter note:
g - a +0 ring mail
Found 3 stones.
h - a +0 scale mail
Found 6 stones. 3 gnolls come into view.
The gnoll shouts! x3
2240 ||| Stepping ~*~*~tactically~*~*~ (hiding).
You start waiting.
A gnoll is nearby!
A gnoll comes into view. It is wielding a +0 whip.
The gnoll shouts!
You hit the gnoll.
The gnoll is moderately wounded.
The gnoll hits you with a +0 halberd!
You hit the gnoll but do no damage. You peck the gnoll.
The gnoll is heavily wounded.
You hit the gnoll. The gnoll misses you. x2
The gnoll hits you from afar with a +0 spear!
You slash the gnoll!
The gnoll is almost dead.
You barely miss the gnoll. The gnoll hits you with a +0 whip.
The gnoll hits you with a +0 halberd!
Ouch! That really hurt!
You die...

####### #g@...#
#g###.# ..# #g
#.# ####+###.#
#g #.#
#........# #.
#.#.##........#
#.
#.#.##........#
#.
#.#.##........#
#. #.#.#
........# #.#.#
###.###.#


You could see 4 gnolls.

Vanquished Creatures
  A worm (D:2)
  A dart slug (D:2)
  An orc (D:3)
  3 ball pythons
  5 bats
  3 endoplasms
  6 giant cockroaches (D:2)
  3 goblins
  4 hobgoblins
  7 jackals
  2 quokkas (D:2)
  4 frilled lizards
  4 kobolds
  8 rats
52 creatures vanquished.

Notes
Turn   | Place    | Note
-------+----------+-------------------------------------------
     0 | D:1      | qw the Tengu Warper began the quest for the Orb.
     0 | D:1      | Reached XP level 1. HP: 12/12 MP: 4/4
     0 | D:1      | 0 ||| qw: Version: 0.1-a-89-g26bdef1
     0 | D:1      | 0 ||| qw: Game counter: 2765
     0 | D:1      | 0 ||| qw: Always use a shield: true
     0 | D:1      | 0 ||| qw: God list: Okawaru
     0 | D:1      | 0 ||| qw: Allow faded altars: false
     0 | D:1      | 0 ||| qw: Do Orc after D:15 true
     0 | D:1      | 0 ||| qw: Do second Lair branch before Depths: true
     0 | D:1      | 0 ||| qw: Lair rune preference: random
     0 | D:1      | 0 ||| qw: Plans: Normal
     0 | D:1      | 0 ||| PLANNING D:1-11
   260 | D:1      | Reached skill level 3 in Axes
   260 | D:1      | Reached XP level 2. HP: 12/17 MP: 6/6
   261 | D:1      | 261 ||| Stepping ~*~*~tactically~*~*~ (stealth).
   323 | D:1      | 323 ||| Stepping ~*~*~tactically~*~*~ (stealth).
   859 | D:1      | 859 ||| DROPPING ring of flight.
   860 | D:1      | 860 ||| READING scroll labelled IGOKOE RIOMU.
   863 | D:1      | 863 ||| READING scroll labelled CAIKAJ CUYT.
   864 | D:1      | 864 ||| READING scroll labelled VEKAMN QYLIFRO.
   865 | D:1      | 865 ||| READING scroll labelled FOGOHE KIHYSK.
   866 | D:1      | 866 ||| READING scroll labelled WUJIKISCHUFAM.
   867 | D:1      | 867 ||| READING scroll labelled MIBOF EFRAOT.
   968 | D:1      | 968 ||| READING scroll labelled TUALONW QUCKIORPH.
   969 | D:1      | 969 ||| DROPPING scroll of blinking.
  1114 | D:2      | Reached XP level 3. HP: 21/21 MP: 7/7
  1351 | D:2      | Reached skill level 4 in Axes
  1609 | D:2      | 1609 ||| READING scroll of enchant weapon.
  1609 | D:2      | 1609 ||| ENCHANTING +1 hand axe.
  1945 | D:2      | 1945 ||| READING scroll labelled WIMMEHE ZOTOYM.
  1946 | D:2      | 1946 ||| READING scroll labelled TER NIAC SEUXT.
  1947 | D:2      | 1947 ||| DRINKING 2 fizzy silvery potions.
  2038 | D:3      | Reached XP level 4. HP: 26/26 MP: 8/8
  2240 | D:3      | 2240 ||| Stepping ~*~*~tactically~*~*~ (hiding).
  2245 | D:3      | HP: 3/26 [gnoll/+0 whip (5)]
  2245 | D:3      | Mangled by a gnoll

Levels and vault maps discovered:
D:1:      wander_arrival_estate, layout_loops_ring,
          chequers_serial_rivers_large_b, minivault_5
D:2:      layout_loops_corners, columned_hall_lemuel
D:3:      minmay_roachtagon, layout_basic

Skill      XL: |  1  2  3 |
---------------+----------+-----
Axes           | 3 4 |  4.7
Fighting       | |  2.0
Throwing       | |  1.0
Armour         | |  1.1
Dodging        | |  2.1
Spellcasting   | |  2.0
Translocations | |  2.4

Action                   |  1- 3 |  4- 6 || total
-------------------------+-------+-------++-------
Melee: Hand axe          |    78 |     4 ||    82
       Kick              |    22 |       ||    22
       Peck              |    10 |     1 ||    11
       Punch             |     2 |       ||     2
Throw: Boomerang         |    19 |    12 ||    31
  Use: Scroll            |    10 |       ||    10
       Potion            |     1 |       ||     1
Armor: Leather armour    |    17 |       ||    17
Dodge: Dodged            |    25 |     2 ||    27

Table legend:
 A = Non-vault XP
 B = Vault XP
 C = Vault XP percentage of total XP
 D = Non-vault monster count
 E = Vault monster count
 F = Vault count percentage of total count
                 A         B        C        D         E       F
            +---------+---------+-------+---------+---------+-------
      Total |      93 |       0 |   0.0 |      52 |       0 |   0.0
            +---------+---------+-------+---------+---------+-------
        D:1 |      26 |       0 |   0.0 |      17 |       0 |   0.0
        D:2 |      54 |       0 |   0.0 |      28 |       0 |   0.0
        D:3 |      13 |       0 |   0.0 |       7 |       0 |   0.0
            +---------+---------+-------+---------+---------+-------
